Description

Hatch First, Lurkers

Replay - Classic v Dark: Game 1 - Blackpink LE

Build Order

Get SALT Encoding   

  12  0:00  Drone  
  13  0:12  Overlord  
  13  0:17  Drone  
  14  0:31  Drone x2  
  14  0:35  Drone  
  17  0:51  Hatchery  
  17  0:54  Drone  
  17  0:57  Drone  
  18  1:09  Extractor  
  17  1:12  Spawning Pool  
  17  1:15  Drone  
  17  1:18  Drone  
  18  1:28  Drone  
  19  1:40  Overlord  
  19  1:49  Drone  
  20  1:59  Queen  
  22  2:02  Drone, Queen  
  22  2:03  Zergling x2  
  26  2:16  Drone x2  
  28  2:24  Hatchery  
  27  2:30  Drone  
  27  2:35  Queen  
  27  2:36  Drone  
  31  2:38  Drone  
  31  2:44  Overlord  
  32  2:45  Drone  
  32  2:47  Drone  
  34  2:59  Drone x2  
  36  3:08  Drone  
  36  3:09  Drone x4  
  36  3:11  Drone  
  36  3:12  Drone  
  43  3:14  Overlord  
  43  3:24  Overlord  
  43  3:25  Spore Crawler  
  42  3:32  Queen  
  44  3:37  Drone x2  
  44  3:38  Drone x2  
  48  3:41  Drone  
  48  3:43  Lair  
  48  3:46  Roach Warren  
  48  3:48  Drone  
  48  3:49  Drone  
  48  3:54  Evolution Chamber  
  48  3:56  Drone  
  48  4:00  Drone x3  
  48  4:01  Extractor  
  51  4:03  Spore Crawler  
  51  4:04  Drone x2  
  51  4:09  Drone  
  53  4:13  Drone x4  
  53  4:16  Drone  
  57  4:20  Drone  
  57  4:23  Spore Crawler, Overlord  
  57  4:26  Zerg Missile Weapons Level 1  
  57  4:29  Overlord  
  57  4:31  Overlord  
  57  4:35  Overlord  
  57  4:41  Glial Reconstitution  
  57  4:42  Drone, Extractor  
  57  4:43  Drone x3, Extractor  
  57  4:44  Drone  
  59  4:47  Drone x2  
  59  4:48  Drone  
  59  4:51  Drone x2  
  63  4:53  Drone  
  63  4:55  Drone x2  
  63  4:57  Drone  
  67  5:05  Overlord  
  67  5:10  Overlord, Drone  
  67  5:12  Drone x3  
  71  5:17  Roach  
  71  5:18  Roach x4  
  81  5:32  Roach x3  
  81  5:33  Roach x3  
  93  5:43  Hatchery  
  93  5:46  Drone  
  93  5:47  Roach x2  
  93  5:48  Drone x3, Roach  
  93  5:49  Drone x2  
  104  5:52  Overlord  
  104  5:53  Drone, Extractor  
  105  5:57  Drone  
  106  6:09  Hydralisk Den, Overlord x2  
  106  6:10  Hatchery  
  104  6:11  Extractor  
  103  6:20  Drone  
  103  6:21  Drone x3  
  107  6:26  Infestation Pit  
  107  6:30  Roach x3  
  112  6:36  Zerg Missile Weapons Level 2  
  112  6:40  Drone  
  113  6:52  Hatchery  
  112  6:57  Grooved Spines  
  112  6:58  Overlord  
  112  6:59  Drone x9  
  119  7:01  Hydralisk  
  119  7:02  Hydralisk x3  
  124  7:11  Hydralisk x2  
  124  7:13  Hive, Overseer  
  124  7:19  Extractor  
  124  7:22  Extractor  
  122  7:23  Hydralisk x3  
  128  7:31  Drone, Lurker Den  
  128  7:35  Drone  
  128  7:36  Drone  
  130  7:38  Overlord x8  
  130  7:47  Spore Crawler  
  130  7:50  Overseer  
  129  7:54  Overlord x2  
  129  7:55  Hydralisk x4  
  137  8:00  Hydralisk x2  
  137  8:01  Hydralisk x3  
  147  8:09  Muscular Augments  
  147  8:15  Hydralisk x2  
  147  8:17  Roach x5  
  147  8:18  Roach x4  
  169  8:26  Hatchery  
  168  8:30  Roach x4  
  168  8:32  Overlord  
  176  8:42  Spine Crawler x2  
  176  8:44  Hydralisk x2  
  176  8:46  Overlord  
  176  8:57  Lurker x8  
  176  8:58  Lurker  
  185  9:06  Hydralisk x4  
  185  9:09  Roach x2  
  197  9:12  Roach  
  199  9:18  Pneumatized Carapace  
  199  9:28  Zerg Missile Weapons Level 3  
  199  9:29  Drone  
  200  9:31  Evolution Chamber  
  194  9:57  Hydralisk x2  
Spawning Tool Build Advisor. Get it on Overwolf

Analysis

Hatch First, Lurkers

Go to:

Details

  • Created by: SuperNinja
  • Published on: Apr 04, 2018
  • Modified on: Apr 04, 2018
  • Patch: 4.0.0
Show
View Real Time Build Order
Export as new Build Order

Comments (0)

There are no comments. Be the first!

Create an account to comment!